woodfighter, chaotic female elven Rogue --------------- ----------- |.............| |.........| |.......|.....| |.........| |....----)..`.| |.........| |---..........| |...h<....| |.......|.....| |...@.....| |.....).|.....| |.........| |.....--------- |....[f..t| |.....)..| |.........| |........------------------|| ----..>.......%.............| -------------------------- woodfighter the Rogue Experience level: 6 Strength: 11 Dexterity: 17 Constitution: 16 Intelligence: 11 Wisdom: 9 Charisma: 12 Health: 0(48) Energy: 31(31) Def: 4 Gold: 0 Moves: 5099 Dungeon seed: xAk0gvQypp76nifo Game ID: woodfighter_1511180306 Your Inventory: Weapons a - a blessed +2 elven dagger named Vladsbane (weapon in hand) b - 10 +0 elven daggers (in quiver) Armor e - an uncursed +1 leather armor (being worn) q - a blessed +0 elven shield (being worn) Comestibles h - 2 uncursed tins of gecko meat k - 3 uncursed lembas wafers p - 3 uncursed sprigs of wolfsbane E - an uncursed fortune cookie L - an uncursed orange W - 2 uncursed cream pies Z - 4 uncursed food rations Scrolls n - an uncursed scroll of teleportation Rings m - a cursed -1 ring of stealth Wands i - a wand of teleportation (0:3) u - a wand of sleep (0:5) K - a wand of speed monster (0:5) Tools g - an uncursed blindfold s - an uncursed bag of holding y - an uncursed lock pick Contents of the bag of holding: a potion of unholy water a cursed [-3] ring of gain strength a [uncursed] ring of polymorph control an uncursed ring of teleport control Spells and supernatural/magical abilities: Name Level Category Fail Memory W - pray for help -- divine ? -- Your skills at the end: Miscellaneous Skills wands [Basic] Weapon Skills dagger [Basic] short sword [Basic] Spellcasting Skills Final Attributes: You were piously aligned. You were sleep resistant. You were poison resistant. You were telepathic. You had infravision. You were very stealthy. You are dead. Vanquished creatures: a small mimic a large dog a dingo an imp 2 fog clouds a shrieker a violet fungus a gnome lord a kobold mummy a gray ooze a kitten 2 iguanas a centipede 2 jitterbugs a monkey an orc zombie 2 coyotes a gas spore 2 acid blobs a large kobold 2 geckos a giant rat 6 cave spiders 2 brown molds a green mold a red mold 6 gnomes 2 garter snakes a gnome zombie 12 jackals 3 foxes 7 newts 2 goblins 2 sewer rats 9 grid bugs 2 bats 4 lichens 88 creatures vanquished. Voluntary challenges: You did not cause conflict. You were not invisible. You did not have reflection. You were not displaced. You used a wielded weapon 106 times, starting on turn 2. You did not apply a unicorn horn. You did not use plumbed fixtures. You did not drink any magical draughts. You read items or engraved 2 times, starting on turn 3138. You never genocided any monsters. You never polymorphed an object. You never changed form. You used no wishes. You never split a pudding. You never wrote Elbereth's name. You never violated your personal moral code. Dungeon overview: The Dungeons of Doom: levels 1 to 7 Level 1 a long staircase Level 2 an altar to Mog Level 3 a fountain, a sink stairs to The Gnomish Mines Level 4 a sink Level 5 many fountains Level 6 an altar to Issek, a fountain stairs to Sokoban Level 7 a fountain The Gnomish Mines: Level 4 stairs to The Dungeons of Doom Sokoban: levels 3 to 5 Level 3 <- You were here Level 4 Level 5 an altar to Moloch, a magic chest stairs to The Dungeons of Doom History has recorded: On T:1 you entered the Dungeons of Doom to retrieve the Amulet of Yendor! On T:307 you reached level 2 of The Dungeons of Doom. On T:556 you reached level 3 of The Dungeons of Doom. On T:681 you advanced to experience level 2. On T:934 you reached level 1 of The Gnomish Mines. On T:1203 you reached level 4 of The Dungeons of Doom. On T:1391 you advanced to experience level 3. On T:1399 you reached level 5 of The Dungeons of Doom. On T:1603 you advanced to experience level 4. On T:2252 you advanced to experience level 5. On T:2322 you reached level 6 of The Dungeons of Doom. On T:2440 you reached level 7 of The Dungeons of Doom. On T:2716 you reached level 4 of Sokoban. On T:3029 you prayed to Kos. On T:3135 you opened a magic chest. On T:3416 you reached level 3 of Sokoban. On T:4179 you reached level 2 of Sokoban. On T:4956 you advanced to experience level 6. Score breakdown: Gold: 0 ( 0 points) Experience: 6 levels ( 500 points) Exploration: 7 levels ( 180 points) Discoveries: 14 items ( 700 points) Variety of kills: 37 monsters ( 1850 points) Major goal: (nothing yet) ( 0 points) Survival: died (score multiplied by 3) Total score: 9690 Latest messages: You stab the iguana! The iguana bites! You kill the iguana! The dwarf zaps a wand of cold! The bolt of cold hits kitty! The bolt of cold bounces! The sewer rat bites! Kitty bites the rock piercer. The rock piercer misses kitty. The sewer rat bites! Kitty bites the rock piercer. The rock piercer misses kitty. You kill the sewer rat! The dwarf zaps a wand of cold! The bolt of cold hits kitty! The bolt of cold bounces! You stab the kobold mummy! The kobold mummy scratches you! You destroy the kobold mummy! You see here a mummy wrapping. You stab the dwarf! The dwarf zaps a wand of cold! The bolt of cold hits you! Elf, your life force is running out. The bolt of cold bounces! The bolt of cold hits you! You die... Final status: Goodbye woodfighter the Rogue, killed by a bolt of cold... You died in Sokoban on dungeon level 3 with 9690 points, and 0 pieces of gold, after 5099 moves. You were level 6 with a maximum of 48 hit points when you died.